 Dungeon Crawl Stone Soup version 0.30-a0-881-g1ff12e1e11 (webtiles) character file.

Game seed: 3815445191207858293

134568 ytrimaz the Scorcher (level 16, -2/125 HPs)
             Began as a Purple Draconian Conjurer on Mar 13, 2023.
             Was the Champion of Hepliaklqana.
             Splashed by a goliath frog's acid (7 damage)
             ... called by a spriggan druid
             ... on level 4 of the Swamp on Mar 14, 2023.
             The game lasted 01:29:15 (45351 turns).

ytrimaz the Scorcher (Purple Draconian Conjurer)   Turns: 45351, Time: 01:29:16

Health: -2/125     AC: 14    Str: 10    XL:     16   Next: 62%
Magic:  6/32       EV: 16    Int: 26    God:    Hepliaklqana [******]
Gold:   537        SH:  0    Dex: 13    Spells: 6/39 levels left

rFire   . . .      SeeInvis +    D - +4 bardiche
rCold   . . .      Faith    .    (shield currently unavailable)
rNeg    + . .      Spirit   .    (body armour unavailable)
rPois   .          Reflect  .    (helmet restricted)
rElec   +          Rampage  .    j - +0 cloak
rCorr   .                        E - +0 pair of gloves
Will    ++++.                    R - +2 pair of boots of Muttered Phrases {Fly Will+ Dex+3}
Stlth   ++                       s - amulet of magic regeneration
HPRegen 0.40/turn                F - ring of Muybaem {rN+ SInv}
MPRegen 0.63/turn                C - ring of Tiny {rElec Will+ AC+4}

@: corroded, flying
A: reduced essence, breathe power, AC +9, unfitting armour, cold-blooded
a: Breathe Dispelling Energy, Renounce Religion, Recall Ancestor, Ancestor
Identity, Transference, Idealise


You were on level 4 of the Swamp.
You worshipped Hepliaklqana.
Hepliaklqana was exalted by your worship.
You visited 5 branches of the dungeon, and saw 27 of its levels.
You visited 1 bazaar.

You collected 2467 gold pieces.
You spent 1930 gold pieces at shops.


Innate Abilities, Weirdness & Mutations

Your life essence is reduced to manifest your ancestor. (-10% HP)
You can breathe bolts of dispelling energy.
Your rich purple scales are hard. (AC +9)
You cannot fit into any form of body armour.
You are cold-blooded and may be slowed by cold attacks.


   Skills:
 - Level 12.0 Fighting
 + Level 10.1 Dodging
 - Level 1.7 Stealth
 - Level 4.0 Shields
 - Level 12.0 Spellcasting
 - Level 16.0 Conjurations
 - Level 7.1 Hexes
 + Level 17.2 Fire Magic
 - Level 4.0 Invocations


You had 6 spell levels left.
You knew the following spells:

 Your Spells              Type           Power      Damage    Failure   Level
a - Fireball              Conj/Fire      40%        3d16      1%          5
b - Starburst             Conj/Fire      40%        6d11      1%          6
c - Ignition              Fire           40%        3d12      22%         8
d - Fulminant Prism       Conj/Hex       33%        3d15      1%          4
e - Iskenderun's Mystic   Conj/Tloc      55%        2d12      1%          4
f - Hailstorm             Conj/Ice       55%        3d12      1%          3
g - Magic Dart            Conj           100%       1d8       0%          1
h - Searing Ray           Conj           100%       2d8       0%          2

Your spell library contained the following spells:

 Spells                   Type           Power      Damage    Failure   Level
 Foxfire                  Conj/Fire      100%       2x1d9     0%          1
 Kiss of Death            Conj/Necr      100%       2d13      1%          1
 Slow                     Hex            100%       N/A       1%          1
 Ensorcelled Hibernation  Hex/Ice        68%        N/A       1%          2
 Confusing Touch          Hex            51%        N/A       1%          3
 Dazzling Flash           Conj/Hex       100%       N/A       1%          3
 Ignite Poison            Fire/Tmut/Pois 45%        N/A       1%          3
 Kindle Blastsparks       Fire/Tloc/Air  90%        2d17      1%          3
 Mephitic Cloud           Conj/Pois/Air  43%        N/A       1%          3
 Sticky Flame             Conj/Fire      80%        2d9       1%          4
 Beastly Appendage        Tmut           30%        N/A       3%          1
 Freeze                   Ice            60%        1d7       3%          1
 Blink                    Tloc           30%        N/A       5%          2
 Cigotuvi's Dreadful Rot  Necr/Pois/Air  30%        N/A       5%          2
 Lesser Beckoning         Tloc           30%        N/A       5%          2
 Passwall                 Tmut/Erth      12%        N/A       5%          2
 Poisonous Vapours        Pois/Air       30%        N/A       5%          2
 Frozen Ramparts          Ice            30%        1d5       11%         3
 Gell's Gravitas          Tloc           15%        N/A       11%         3
 Swiftness                Air            15%        N/A       11%         3
 Teleport Other           Tloc           15%        N/A       11%         3
 Vampiric Draining        Necr           15%        2d7       11%         3
 Metabolic Englaciation   Hex/Ice        17%        N/A       24%         5
 Summon Mana Viper        Hex/Summ       34%        N/A       24%         5
 Dispel Undead            Necr           15%        3d10      36%         4
 Ice Form                 Ice/Tmut       15%        N/A       36%         4
 Manifold Assault         Tloc           15%        N/A       36%         4
 Petrify                  Tmut/Erth      15%        N/A       36%         4
 Summon Ice Beast         Ice/Summ       15%        N/A       36%         4
 Lee's Rapid Deconstruct  Erth           7%         3d7*      71%         5
 Summon Forest            Summ/Tloc      7%         N/A       71%         5
 Dispersal                Tloc           7%         N/A       99%         6
 Simulacrum               Ice/Necr       7%         N/A       99%         6
 Statue Form              Tmut/Erth      10%        N/A       99%         6
 Summon Cactus Giant      Summ           7%         N/A       99%         6
 Monstrous Menagerie      Summ           7%         N/A       100%        7
 Storm Form               Tmut/Air       7%         N/A       100%        7
 Disjunction              Tloc           7%         N/A       100%        8

Inventory:

Hand Weapons
 x - a +6 trident
   (You took it off a wight on level 10 of the Dungeon)
 D - a +4 bardiche (weapon)
   (You found it on level 3 of the Swamp)
 O - a +1 glaive of venom
   (You found it on level 5 of the Lair of Beasts)
 S - the +1 glaive of Uxil Rufe {freeze, rC- rCorr Dex+3}
   (You bought it in a shop in a bazaar)

   Dex:       It affects your dexterity (+3).
   rC:        It makes you vulnerable to cold.
   rCorr:     It protects you from acid and corrosion.
 X - the +8 flail of Anwoipita {heavy, rCorr Str+3 Dex+4}
   (You found it on level 13 of the Dungeon)

   Str:       It affects your strength (+3).
   Dex:       It affects your dexterity (+4).
   rCorr:     It protects you from acid and corrosion.
Armour
 j - a +0 cloak (worn)
   (You found it on level 10 of the Dungeon)
 E - a +0 pair of gloves (worn)
   (You found it on level 11 of the Dungeon)
 R - the +2 pair of boots of Muttered Phrases (worn) {Fly Will+ Dex+3}
   (You bought it in a shop in a bazaar)

   Dex:       It affects your dexterity (+3).
   Fly:       It grants you flight.
   Will:      It increases your willpower.
Magical Staves
 P - a staff of poison
   (You found it on level 1 of the Dungeon)
Jewellery
 e - an amulet of guardian spirit
   (You found it on level 1 of the Dungeon)
 p - a +4 ring of protection
   (You found it on level 11 of the Dungeon)
 s - an amulet of magic regeneration (around neck)
   (You found it on level 13 of the Dungeon)
 v - an amulet of regeneration
   (You found it on level 9 of the Dungeon)
 A - a ring of willpower
   (You found it on level 11 of the Dungeon)
 C - the ring of Tiny (right hand) {rElec Will+ AC+4}
   (You bought it in a shop on level 2 of the Orcish Mines)

   [ring of protection]

   AC:        It affects your AC (+4).
   rElec:     It insulates you from electricity.
   Will:      It increases your willpower.
 F - the ring of Muybaem (left hand) {rN+ SInv}
   (You took it off a deep elf pyromancer on level 12 of the Dungeon)

   [ring of positive energy]

   rN:        It protects you from negative energy.
   SInv:      It lets you see invisible.
 J - a ring of protection from fire
   (You found it on level 2 of the Lair of Beasts)
 Q - a ring of positive energy
   (You took it off a deep elf pyromancer on level 12 of the Dungeon)
Wands
 h - a wand of mindburst (37)
   (You found it on level 1 of the Dungeon)
 o - a wand of acid (2)
   (You found it on level 2 of the Swamp)
 q - a wand of polymorph (26)
   (You took it off Grum on level 8 of the Dungeon)
 y - a wand of iceblast (29)
   (You found it on level 11 of the Dungeon)
 G - a wand of flame (13)
   (You found it on level 1 of the Lair of Beasts)
 M - a wand of paralysis (12)
   (You found it on level 4 of the Lair of Beasts)
 V - a wand of digging (7)
   (You bought it in a shop in a bazaar)
Scrolls
 b - 3 scrolls of enchant weapon
 i - 2 scrolls of fog
 l - 4 scrolls of silence
 m - a scroll of enchant armour
 t - 2 scrolls of amnesia
 w - 3 scrolls of noise
 z - 2 scrolls of brand weapon
 H - 3 scrolls of poison
 T - 7 scrolls of identify
 U - 4 scrolls of teleportation
 Y - 2 scrolls of magic mapping
Potions
 a - 3 potions of ambrosia
 c - 2 potions of resistance
 d - a potion of berserk rage
 f - 4 potions of flight
 g - 6 potions of might
 k - a potion of lignification
 n - 2 potions of attraction
 r - 11 potions of curing
 B - 9 potions of heal wounds
 K - 5 potions of mutation
 L - 3 potions of brilliance
 N - 2 potions of magic
 W - 2 potions of haste
Miscellaneous
 u - a phantom mirror
   (You found it on level 12 of the Dungeon)

Dungeon Overview and Level Annotations

Branches:
Dungeon (15/15) Zot: 25002  Temple (1/1) D:4 Zot: 5690    Lair (5/5) D:9 Zot: 16774
  Swamp (4/4) Lair:2 Zot: 19370  Spider (0/4) Lair:2        Slime (0/5) Lair:4
    Orc (2/2) D:11 Zot: 8317     Elf (0/3) Orc:2        Vaults (0/5) D:13
 Depths (0/4) D:15

Altars:
Ashenzari
Cheibriados
Dithmenos
Elyvilon
Fedhas
Gozag
Hepliaklqana
Kikubaaqudgha
Makhleb
Nemelex Xobeh
Okawaru
Qazlal
Ru
Sif Muna
Trog
Uskayaw
Vehumet
Wu Jian
Xom
Yredelemnul
Zin
The Shining One
Jiyva

Shops:
D:11 !   Orc:2 ([**

Annotations:
D:8 exclusion: statue
D:11 exclusion: orange crystal statue
D:13 exclusion: downstairs, Zedil's ghost, journeyman VSBr

♣~.~~♣
♣♣.~~.~♣.
♣~.~.§..~
♣~.$.~..~
♣~♣~≈~[.~♣.
♣♣♣~~≈≈≈♣~~. ♣
♣§♣)≈≈≈≈≈♣. .♣
#♣§○@≈≈≈≈≈≈..♣~
♣§~.§R≈≈≈≈♣~~§.
♣♣§§F§≈≈≈♣...♣
§§§§..~♣~.)♣
♣♣§°♣~.....♣♣
♣♣§♣...~~.♣♣
♣♣..~.....♣
♣♣..♣....♣♣
♣~.~♣♣.~~♣


You could see the friendly Titus the hexer and a goliath frog (ally target).


Message History

Press: ? - help, Dir - look around, f - activate The mangrove smoulders and burns.
The tree burns like a torch! x2
The bolt of fire hits the tyrant leech!!!
You kill the tyrant leech!
You smell burning wood.
The bolt of fire hits the bunyip!!!
The mangrove smoulders and burns.
The bunyip is engulfed in a cloud of scalding steam.
The goliath frog is engulfed in a cloud of scalding steam.
The goliath frog hits you from afar. The acid corrodes you!
You are splashed with acid!
The bunyip is engulfed in a cloud of scalding steam.
The bunyip barely misses you.
The bunyip claws you but does no damage.
The bunyip claws you!
The forest fire spreads! x2 😕 HP[-23] MP[-6]
You take 23 damage, and now have 102/125 hp.
You lost 6 mp, and now have 0/32 mp.
Unknown command.
Really fly into that cloud of flame?
Okay, then.
You hit the bunyip but do no damage.
You are engulfed in a cloud of scalding steam.
The goliath frog is engulfed in a cloud of scalding steam.
The goliath frog hits you but does no damage.
Titus hits the bunyip with a +0 dagger of draining!
The goliath frog is engulfed in a cloud of scalding steam.
The goliath frog hits you from afar!
You are splashed with acid!
Titus hits the bunyip but does no damage.
Titus hits the bunyip with a +0 dagger of draining!
Titus drains the bunyip.
The bunyip dies!
Titus casts a spell at the goliath frog.
The goliath frog resists with almost no effort.
The goliath frog is engulfed in a cloud of scalding steam.
The goliath frog hits you from afar!!
* * * LOW HITPOINT WARNING * * *
You are splashed with acid.
* * * LOW HITPOINT WARNING * * *
😨 HP[-48] MP[+2]
You take 48 damage, and now have 54/125 hp.
MASSIVE DAMAGE!! (PAUSE)
You regained 2 mp, and now have 2/32 mp.
Unknown command.
Unknown command.
You are engulfed in a cloud of scalding steam.
* * * LOW HITPOINT WARNING * * *
Titus points at the goliath frog and mumbles some strange words.
The goliath frog resists with almost no effort.
The forest fire spreads! 😨 HP[-2]
You take 2 damage, and now have 52/125 hp.
Unknown command.
Unknown command.
You don't have enough magic to cast this spell.
Reach: D) +4 bardiche
Press: ? - help, Dir - move target, f - goliath frog
Aim: a goliath frog (steam, moderately wounded, not watching you, ally target, about 64% to evade your +4 bardiche)
You reach to attack!
You barely miss the goliath frog.
You are engulfed in a cloud of scalding steam.
The goliath frog is engulfed in a cloud of scalding steam.
The goliath frog hits you from afar!
* * * LOW HITPOINT WARNING * * *
You are splashed with acid.
* * * LOW HITPOINT WARNING * * *
The goliath frog is engulfed in a cloud of scalding steam.
The goliath frog misses you.
Titus hits the goliath frog with a +0 dagger of draining!
Titus hits the goliath frog with a +0 dagger of draining. 😨 HP[-19] MP[+1]
You take 19 damage, and now have 33/125 hp.
Unknown command.
Reach: D) +4 bardiche
Press: ? - help, Dir - move target, f/p - goliath frog
Aim: a goliath frog (severely wounded, ally target, about 64% to evade your +4 bardiche)
You reach to attack!
You miss the goliath frog. The goliath frog hits you from afar!
* * * LOW HITPOINT WARNING * * *
You are splashed with acid.
* * * LOW HITPOINT WARNING * * *
Titus completely misses the goliath frog.
Titus casts a spell at the goliath frog.
The goliath frog resists with almost no effort.
The goliath frog closely misses Titus.
Titus hits the goliath frog with a +0 dagger of draining!
The goliath frog hits Titus but does no damage.
The forest fire spreads!
Unknown command. 😱 HP[-22] MP[+2]
You take 22 damage, and now have 11/125 hp.
You regained 2 mp, and now have 5/32 mp.
Unknown command.
Reach: D) +4 bardiche
Press: ? - help, Dir - move target, f/p - goliath frog
Aim: a goliath frog (almost dead, not watching you, ally target, about 64% to evade your +4 bardiche)
You reach to attack!
You hit the goliath frog but do no damage.
Titus misses the goliath frog.
The goliath frog hits you from afar.
* * * LOW HITPOINT WARNING * * *
You are splashed with acid!
You die...

Skill      XL: |  1  2  3  4  5  6  7  8  9 10 11 12 13 14 15 16 |
---------------+-------------------------------------------------+-----
Spellcasting   | 3 4 9 12 | 12.0
Conjurations   | 5 6 7 8 10 12 14 16 | 16.0
Hexes          | 3 4 7 |  7.1
Shields        | 3 4 |  4.0
Fighting       | 4 9 12 | 12.0
Invocations    | 4 |  4.0
Fire Magic     | 6 10 13 14 16 17 | 17.2
Dodging        | 5 7 10 | 10.1
Stealth        | |  1.7

Action                     |  1- 3 |  4- 6 |  7- 9 | 10-12 | 13-15 | 16-18 || total
---------------------------+-------+-------+-------+-------+-------+-------++-------
  Melee: Unarmed           |     3 |       |       |       |       |       ||     3
         Dagger            |     2 |    36 |    84 |    14 |       |       ||   136
         Tailslap          |       |     1 |    12 |    26 |    34 |     4 ||    77
         Punch             |       |     1 |       |       |       |       ||     1
         Trident           |       |       |       |   138 |   220 |       ||   358
         Glaive            |       |       |       |       |    27 |    28 ||    55
         Flail             |       |       |       |       |     6 |       ||     6
         Staff             |       |       |       |       |     2 |       ||     2
         Bardiche          |       |       |       |       |       |     9 ||     9
   Cast: Magic Dart        |    57 |   108 |    97 |   263 |     7 |       ||   532
         Searing Ray       |       |    14 |    19 |    45 |     4 |       ||    82
         Fulminant Prism   |       |       |    32 |    42 |    18 |     1 ||    93
         Iskenderun's Myst |       |       |       |    18 |       |     2 ||    20
         Fireball          |       |       |       |   117 |   339 |    68 ||   524
         Starburst         |       |       |       |       |   142 |    42 ||   184
         Hailstorm         |       |       |       |       |    19 |     7 ||    26
         Ignition          |       |       |       |       |     3 |       ||     3
 Invoke: Ancestor Life: He |       |       |     1 |       |       |       ||     1
         Recall Ancestor   |       |       |     1 |     1 |     9 |     1 ||    12
Ability: Breathe Dispellin |       |       |     1 |     1 |       |       ||     2
  Evoke: Wand              |       |       |       |     3 |    10 |     1 ||    14
    Use: Scroll            |     5 |     6 |     9 |     6 |     8 |     2 ||    36
         Potion            |     1 |     1 |    13 |     2 |     5 |     4 ||    26
   Stab: Distracted        |       |       |     1 |       |     5 |     1 ||     7
         Confused          |       |       |       |     4 |     1 |       ||     5
         Paralysed         |       |       |       |       |     5 |     2 ||     7
 Armour: Skin              |     3 |    19 |    45 |    73 |   211 |    87 ||   438
  Dodge: Dodged            |    13 |    36 |    88 |   106 |   240 |    83 ||   566
  Block: Buckler           |       |       |    28 |    67 |   116 |       ||   211

Levels and vault maps discovered:
D:1:      psy_arrival_conway, layout_rooms, hellmonk_ecumenical_altar_lost_god,
          minivault_11
D:2:      layout_basic, kennysheep_jessica_study
D:3:      layout_basic, hangedman_feature_mirror, grunt_ministairs_12,
          kennysheep_small_spiral, hangedman_decor_points
D:4:      layout_basic, minmay_temple_entry_statues_pillars, skrybe_limestone_x,
          nrook_loot_triangle, grunt_ministairs_4, nicolae_eternal_life,
          kennysheep_flooded_box
D:5:      layout_rooms, gup_sewer_entry_bubbles, uniq_edmund
D:6:      layout_rooms, corexii_leaking_fountain, chequers_serial_rivers_room_a
D:7:      layout_cave_pools
D:8:      black_bear_nest_2, layout_layer_cave, vehumet_statue, special_room
          [special_room_orc], uniq_grum, uniq_psyche, uniq_pikel, uniq_maggie
D:9:      layout_stronghold, david_lair_shrubbed, kennysheep_crisscross
D:10:     layout_basic
D:11:     layout_roguey, zombieorc1_lemuel, serial_shops,
          nicolae_shop_hallway_plus, minmay_statue_bubble
D:12:     minmay_the_grid_square_5x5_4x4
          [minmay_the_grid_square_5x5_fancy_junction,
          minmay_the_grid_square_5x5_v, minmay_the_grid_square_5x5_inset,
          minmay_the_grid_square_5x5_mess,
          minmay_the_grid_square_5x5_spiral_small,
          minmay_the_grid_square_5x5_prize_snowflake,
          minmay_the_grid_square_5x5_prize_rear_guard,
          minmay_the_grid_square_5x5_pentomino_r, minmay_the_grid_square_5x5_n,
          minmay_the_grid_square_5x5_prize_open,
          minmay_the_grid_square_5x5_prize_monsterx,
          minmay_the_grid_square_5x5_checkered_sparse,
          minmay_the_grid_square_5x5_c, minmay_the_grid_square_5x5_six,
          minmay_the_grid_square_5x5_checkered_statues,
          minmay_the_grid_square_5x5_z], layout_basic
D:13:     layout_small_grid, david_vaults_1, serial_shops, bzr_entry_gold,
          gammafunk_ghost_smash, serial_rivers, chequers_serial_rivers_micro_d,
          chequers_serial_rivers_large_a, chequers_serial_rivers_micro_a,
          chequers_serial_rivers_micro_b, chequers_serial_rivers_small_3,
          chequers_serial_rivers_room_a
D:14:     layout_rooms, cheibriados_altar_1, grunt_decor_arrowhead
D:15:     grunt_enter_depths_snipers, layout_cave_pools, serial_demonic,
          serial_demonic_f, serial_demonic_b, serial_demonic_d,
          serial_demonic_b, grunt_gozag_statues
Temple:   minmay_crystal_snake_temple
Lair:1:   layout_layer_cave, minivault_23, beast_lair_carwin_6,
          grunt_megastairs_1, uniq_nergalle
Lair:2:   layout_chaotic_city, palyth_hydra_swamp_entry,
          hellmonk_spider_entry_life_and_decay, grunt_megastairs_3
Lair:3:   layout_regular_city, basic_altar
Lair:4:   regret_index_tunnel_blossom, layout_cave_shapes,
          nicolae_slime_entry_slimehenge, serial_bayou_lagoon_a
Lair:5:   minmay_lair_end_enchanted_forest, layout_layer_cave
Swamp:1:  layout_basic_swamp, wheals_swamp_sinkhole
Swamp:2:  layout_falls_marsh, hangedman_swamp_diagram, st_swamp_ruins_2,
          infiniplex_staircase_pool, uniq_jorgrun, uniq_roxanne
Swamp:3:  layout_basic_swamp, nicolae_swamp_fairy_circle, swamp_pool2
Swamp:4:  nzn_swamp_witches_coven, layout_basic_swamp, swamp_pool2,
          grunt_ruined_hall
Orc:1:    layout_diamond_mine, nicolae_orc_lava_room
Orc:2:    grunt_orc_community_town_hall, layout_caves,
          grunt_orc_community_big_house_2, grunt_orc_community_big_house_2,
          grunt_orc_community_house_1, grunt_orc_community_house_2,
          grunt_orc_community_house_2, grunt_orc_community_house_2,
          grunt_orc_community_house_3, portal_ice_cave_entry_pillars_1,
          serial_shops, nicolae_shop_crystal, mines2_david

Notes
Turn   | Place    | Note
-------+----------+-------------------------------------------
     0 | D:1      | ytrimaz the Draconian Conjurer began the quest for the Orb.
     0 | D:1      | Reached XP level 1. HP: 14/14 MP: 3/3
     0 | D:1      | magus.rc [v1.9.6]
   291 | D:1      | Reached XP level 2. HP: 20/20 MP: 0/5
   569 | D:1      | Found a faded altar of an unknown god.
   927 | D:2      | Noticed Jessica
   934 | D:2      | Killed Jessica
   935 | D:2      | Reached XP level 3. HP: 22/26 MP: 1/7
   988 | D:2      | Got Jessica's Discursus on Glamour
  1008 | D:2      | Reached skill level 3 in Spellcasting
  1229 | D:2      | Reached XP level 4. HP: 33/33 MP: 4/8
  1528 | D:2      | Reached skill level 5 in Conjurations
  1822 | D:3      | Learned a level 4 spell: Fulminant Prism
  2136 | D:3      | Identified the +1 robe of the New World {rPois rF+++ rC-
                  | Archmagi}
  2513 | D:3      | Noticed a phantom
  2524 | D:3      | Killed a phantom
  2525 | D:3      | Reached skill level 4 in Spellcasting
  2525 | D:3      | Reached XP level 5. HP: 21/38 MP: 1/11
  3156 | D:3      | Reached skill level 6 in Conjurations
  3340 | D:3      | Learned a level 2 spell: Searing Ray
  3421 | D:4      | Found a staircase to the Ecumenical Temple.
  3429 | Temple   | Entered the Ecumenical Temple
  3708 | Temple   | Became a worshipper of Hepliaklqana the Forgotten
  3737 | D:4      | HP: 9/38 [orc/+0 mace (2)]
  3743 | D:4      | Reached XP level 6. HP: 12/45 MP: 6/12
  3746 | D:4      | HP: 10/45 [dart slug/slug dart (3)]
  4211 | D:4      | Reached skill level 1 in Hexes
  4402 | D:4      | HP: 2/45 [orc priest/divine providence (16)]
  4410 | D:4      | Reached skill level 2 in Hexes
  4558 | D:4      | Reached * piety under Hepliaklqana
  5103 | D:5      | Entered Level 5 of the Dungeon
  5195 | D:5      | Your scales start taking on a rich purple colour.
  5195 | D:5      | Reached skill level 3 in Hexes
  5195 | D:5      | Reached XP level 7. HP: 45/45 MP: 8/14
  5260 | D:5      | You pick up a book of Burglary and begin reading...
  5260 | D:5      | You add the spells Passwall and Swiftness to your library.
  5272 | D:5      | Reached skill level 1 in Shields
  5342 | D:5      | Noticed Edmund
  5495 | D:5      | Reached skill level 7 in Conjurations
  5496 | D:5      | Reached skill level 2 in Shields
  5496 | D:5      | Reached skill level 4 in Hexes
  5514 | D:5      | HP: 11/45 [iguana (8)]
  5912 | D:5      | Reached skill level 3 in Shields
  6112 | D:5      | Reached XP level 8. HP: 51/51 MP: 10/15
  6431 | D:5      | HP: 10/51 [spore (16)]
  6433 | D:5      | HP: 2/51 [Edmund/+4 dire flail of protection (8)]
  6438 | D:5      | HP: 3/51 [Edmund/+4 dire flail of protection (10)]
  6444 | D:5      | HP: 12/51 [Edmund/+4 dire flail of protection (7)]
  6445 | D:5      | Killed Edmund
  6536 | D:5      | Reached skill level 5 in Hexes
  6570 | D:6      | HP: 12/51 [poisoned by a gnoll sergeant]
  6722 | D:6      | Learned a level 4 spell: Iskenderun's Mystic Blast
  6861 | D:6      | Reached skill level 4 in Shields
  6861 | D:6      | Reached skill level 8 in Conjurations
  7088 | D:6      | Reached skill level 6 in Hexes
  7281 | D:6      | Reached ** piety under Hepliaklqana
  7516 | D:7      | Noticed a troll
  7584 | D:6      | Remembered your ancestor Titus as a hexer
  7792 | D:7      | Reached skill level 7 in Hexes
  7792 | D:7      | Reached XP level 9. HP: 55/55 MP: 11/16
  7796 | D:7      | magus.rc [v1.9.6]
  7821 | D:7      | Reached skill level 9 in Conjurations
  7890 | D:7      | You pick up a book of Debilitation and begin reading...
  7890 | D:7      | You add the spells Slow, Vampiric Draining and Confusing
                  | Touch to your library.
  7950 | D:7      | You pick up a book of Touch and begin reading...
  7950 | D:7      | You add the spells Kiss of Death and Dispel Undead to your
                  | library.
  7972 | D:7      | Killed a troll
  7973 | D:7      | Reached skill level 5 in Spellcasting
  8523 | D:8      | Noticed Psyche
  8528 | D:8      | Killed Psyche
  8529 | D:8      | Reached skill level 6 in Spellcasting
  8533 | D:8      | Noticed Grum
  8542 | D:8      | Killed Grum
  8543 | D:8      | Reached skill level 7 in Spellcasting
  8543 | D:8      | Reached skill level 10 in Conjurations
  8548 | D:8      | Noticed Pikel
  8570 | D:8      | HP: 13/55 [lemure[Pikel] (6)]
  8575 | D:8      | HP: 13/55 [lemure[Pikel] (1)]
  8593 | D:8      | HP: 9/55 [Pikel/+2 whip of flaming (5)]
  8594 | D:8      | Killed Pikel
  8595 | D:8      | Reached skill level 8 in Spellcasting
  8603 | D:8      | HP: 7/55 [orc warrior/+0 flail (10)]
  8813 | D:8      | Reached skill level 9 in Spellcasting
  8817 | D:8      | Reached XP level 10. HP: 49/62 MP: 14/23
  9330 | D:8      | Reached skill level 10 in Spellcasting
  9563 | D:8      | You add the spells Blink, Manifold Assault and Storm Form
                  | to your library.
  9718 | D:8      | Reached *** piety under Hepliaklqana
  9719 | D:8      | Found a radiant altar of Vehumet.
  9730 | D:8      | Noticed Maggie
  9744 | D:8      | Killed Maggie
  9749 | D:8      | You pick up a book of Blasting and begin reading...
  9749 | D:8      | You add the spells Kindle Blastsparks and Lee's Rapid
                  | Deconstruction to your library.
 10100 | D:8      | Reached skill level 11 in Spellcasting
 10329 | D:8      | You fall into a shaft and drop 1 floor!
 10590 | D:9      | Found a staircase to the Lair.
 10605 | D:9      | Reached skill level 12 in Spellcasting
 10710 | D:9      | You pick up a book of Fire and begin reading...
 10710 | D:9      | You add the spells Foxfire, Fireball and Starburst to your
                  | library.
 10724 | D:9      | Reached skill level 1 in Fighting
 10724 | D:9      | Reached skill level 1 in Invocations
 10730 | D:9      | Learned a level 5 spell: Fireball
 11096 | D:9      | Reached skill level 2 in Fighting
 11096 | D:9      | Reached skill level 2 in Invocations
 11741 | D:8      | Reached **** piety under Hepliaklqana
 11956 | D:10     | Entered Level 10 of the Dungeon
 12027 | D:10     | Reached skill level 3 in Fighting
 12027 | D:10     | Reached skill level 3 in Invocations
 12657 | D:10     | You pick up a book of Beasts and begin reading...
 12657 | D:10     | You add the spells Summon Ice Beast, Summon Mana Viper and
                  | Monstrous Menagerie to your library.
 12718 | D:10     | Reached skill level 4 in Fighting
 12718 | D:10     | Reached skill level 4 in Invocations
 13047 | D:11     | Reached XP level 11. HP: 75/75 MP: 19/27
 13126 | D:11     | Noticed a brown ugly thing
 13128 | D:11     | Reached skill level 1 in Fire Magic
 13139 | D:11     | Noticed a boulder beetle
 13446 | D:11     | Reached skill level 2 in Fire Magic
 13568 | D:11     | Reached skill level 5 in Fighting
 13710 | D:11     | Found a staircase to the Orcish Mines.
 13936 | D:11     | Noticed a boulder beetle
 14130 | D:11     | Killed a boulder beetle
 14131 | D:11     | Reached skill level 3 in Fire Magic
 14309 | D:11     | Noticed an orange crystal statue
 14385 | D:11     | Found Jiarr's Distillery.
 14650 | Orc:1    | Entered Level 1 of the Orcish Mines
 14744 | D:12     | Reached skill level 6 in Fighting
 14754 | D:12     | Reached skill level 4 in Fire Magic
 15208 | D:12     | Reached skill level 7 in Fighting
 15208 | D:12     | Reached skill level 5 in Fire Magic
 15634 | D:12     | Reached skill level 8 in Fighting
 15735 | D:12     | Reached skill level 6 in Fire Magic
 15916 | D:12     | Noticed a boulder beetle
 16080 | D:12     | Killed a boulder beetle
 16217 | D:12     | Noticed a red ugly thing
 16229 | D:12     | Reached skill level 9 in Fighting
 16231 | D:12     | Killed a red ugly thing
 16232 | D:12     | Reached XP level 12. HP: 53/93 MP: 3/28
 16297 | D:12     | Reached skill level 7 in Fire Magic
 16658 | D:12     | Noticed a centaur warrior
 16663 | D:12     | Killed a centaur warrior
 16877 | D:12     | Noticed a centaur warrior
 16905 | D:12     | Killed a centaur warrior
 16906 | D:12     | Reached skill level 10 in Fighting
 16975 | D:12     | Reached skill level 8 in Fire Magic
 16989 | D:12     | Noticed a boulder beetle
 16996 | D:12     | Noticed a boulder beetle
 17732 | D:12     | Noticed a boulder beetle
 18010 | Lair:1   | Entered Level 1 of the Lair of Beasts
 18015 | Lair:1   | Noticed Nergalle
 18021 | Lair:1   | Killed Nergalle
 18604 | Lair:1   | Reached skill level 9 in Fire Magic
 18613 | Lair:1   | Reached skill level 11 in Fighting
 20417 | Lair:2   | Reached ***** piety under Hepliaklqana
 20566 | Lair:2   | Reached skill level 10 in Fire Magic
 21021 | Lair:2   | Reached skill level 12 in Fighting
 21092 | Lair:2   | Found a hole to the Spider Nest.
 21136 | Lair:2   | Noticed a catoblepas
 21149 | Lair:2   | Killed a catoblepas
 21172 | Lair:2   | Reached XP level 13. HP: 106/106 MP: 0/29
 21435 | Lair:2   | You fall into a shaft and drop 1 floor!
 21756 | Lair:3   | Reached skill level 11 in Fire Magic
 22187 | Lair:2   | Found a staircase to the Swamp.
 22789 | Lair:2   | Learned a level 6 spell: Starburst
 23444 | Lair:3   | Found a sacrificial altar of Ru.
 24064 | Lair:4   | Reached skill level 11 in Conjurations
 24194 | Lair:4   | Reached skill level 12 in Fire Magic
 25383 | Lair:4   | You pick up a book of Vapours and begin reading...
 25383 | Lair:4   | You add the spells Poisonous Vapours, Cigotuvi's Dreadful
                  | Rot and Mephitic Cloud to your library.
 25451 | Lair:4   | You pick up a book of Displacement and begin reading...
 25451 | Lair:4   | You add the spells Lesser Beckoning, Gell's Gravitas and
                  | Teleport Other to your library.
 25849 | Lair:4   | Reached skill level 12 in Conjurations
 25888 | Lair:4   | You pick up a book of the Tundra and begin reading...
 25888 | Lair:4   | You add the spells Hailstorm, Ice Form and Simulacrum to
                  | your library.
 25897 | Lair:4   | Learned a level 3 spell: Hailstorm
 26546 | Lair:4   | Found a staircase to the Slime Pits.
 26546 | Lair:4   | Found a viscous altar of Jiyva.
 26571 | Lair:4   | Reached skill level 13 in Fire Magic
 26847 | Lair:5   | Entered Level 5 of the Lair of Beasts
 26868 | Lair:5   | Reached XP level 14. HP: 90/113 MP: 5/30
 27191 | Lair:5   | HP: 26/113 [cane toad (18)]
 27194 | Lair:5   | HP: 12/113 [poisoned by a cane toad]
 27199 | Lair:5   | HP: 9/113 [poisoned by a cane toad]
 27874 | Lair:5   | Reached skill level 2 in Dodging
 28045 | Lair:5   | Paralysed by a hornet for 1 turns
 28062 | Lair:5   | Reached skill level 13 in Conjurations
 28292 | Lair:4   | HP: 24/113 [death yak (20)]
 28294 | Lair:4   | Reached skill level 3 in Dodging
 29308 | Lair:5   | Reached skill level 4 in Dodging
 29308 | Lair:5   | Reached skill level 14 in Fire Magic
 29633 | Lair:5   | You pick up a book of Sloth and begin reading...
 29633 | Lair:5   | You add the spells Petrify, Metabolic Englaciation and
                  | Statue Form to your library.
 29634 | Lair:5   | Upgraded the game from 0.30-a0-879-ga8ba668304 to
                  | 0.30-a0-881-g1ff12e1e11
 29634 | Lair:5   | magus.rc [v1.9.6]
 29853 | Lair:5   | Reached ****** piety under Hepliaklqana
 29939 | Lair:5   | You pick up a book of Frost and begin reading...
 29939 | Lair:5   | You add the spells Freeze and Frozen Ramparts to your
                  | library.
 31222 | Orc:2    | Entered Level 2 of the Orcish Mines
 31488 | Orc:1    | Reached skill level 5 in Dodging
 32047 | Orc:2    | Noticed Saint Roka
 32546 | Orc:2    | Killed Saint Roka
 32782 | Orc:1    | magus.rc [v1.9.6]
 33369 | Orc:2    | Reached skill level 14 in Conjurations
 33705 | Orc:2    | Found a staircase to the Elven Halls.
 33860 | Orc:2    | Found Cudost's Assorted Antiques.
 33868 | Orc:2    | Bought a smoking ivory ring for 115 gold pieces
 33868 | Orc:2    | Identified the ring of Tiny {rElec Will+ AC+4} (You bought
                  | it in a shop on level 2 of the Orcish Mines)
 33868 | Orc:2    | Bought a scroll of teleportation for 69 gold pieces
 33868 | Orc:2    | Bought a scroll of identify for 46 gold pieces
 33950 | Orc:2    | Found Solion's Assorted Antiques.
 34050 | Orc:2    | Found Karepuat's Antique Weapon Shop.
 34052 | Orc:2    | Found Lawnot's Antique Armour Boutique.
 34187 | Orc:2    | Found Ikhoeg's Book Boutique.
 34392 | Orc:2    | Bought a potion of heal wounds for 145 gold pieces
 34392 | Orc:2    | Bought a potion of magic for 232 gold pieces
 34392 | Orc:2    | Bought a potion of resistance for 290 gold pieces
 34759 | Swamp:1  | Entered Level 1 of the Swamp
 35420 | D:12     | Identified the +1 great sword of the Leaping Firefly
                  | {flame, Fragile rElec rN+ Str+2}
 35425 | D:12     | Reached XP level 15. HP: 106/118 MP: 16/31
 36033 | D:12     | Identified the ring of Muybaem {rN+ SInv}
 36177 | D:12     | Reached skill level 15 in Fire Magic
 36382 | D:12     | Identified the +0 chain mail of Zeipt {Fly}
 36666 | D:13     | Found a flickering gateway to a bazaar.
 36691 | Bazaar   | Entered a bazaar
 36691 | Bazaar   | Found Qise's Jewellery Boutique.
 36691 | Bazaar   | Found Nobool's General Store.
 36691 | Bazaar   | Found Veowkoad's Assorted Antiques.
 36691 | Bazaar   | Found Coxtumo's Distillery.
 36691 | Bazaar   | Found Ydoco's Weapon Boutique.
 36807 | Bazaar   | Bought the +2 pair of boots of Muttered Phrases {Fly Will+
                  | Dex+3} for 390 gold pieces
 36817 | Bazaar   | Bought a bloodstained glaive for 207 gold pieces
 36817 | Bazaar   | Identified the +1 glaive of Uxil Rufe {freeze, rC- rCorr
                  | Dex+3} (You bought it in a shop in a bazaar)
 36833 | Bazaar   | Bought 2 potions of mutation for 192 gold pieces
 36833 | Bazaar   | Bought a potion of mutation for 96 gold pieces
 36837 | Bazaar   | Bought a scroll of identify for 22 gold pieces
 36847 | Bazaar   | Bought a scroll of teleportation for 54 gold pieces
 36847 | Bazaar   | Bought a forked gold wand for 72 gold pieces
 37182 | D:13     | You add the spells Ignite Poison, Sticky Flame and Ignition
                  | to your library.
 37405 | D:13     | Learned a level 8 spell: Ignition
 37413 | D:13     | Found a gate to the Vaults.
 37485 | D:13     | Found a transporter.
 37488 | D:13     | Identified the +6 great mace "Arphoj" {flame, rF+ MP+9}
 37488 | D:13     | Noticed Zedil's ghost (journeyman VSBr)
 37489 | D:13     | Found a transporter.
 37819 | D:13     | Identified the +8 flail of Anwoipita {heavy, rCorr Str+3
                  | Dex+4}
 38218 | D:14     | Found a snail-covered altar of Cheibriados.
 38733 | D:15     | Entered Level 15 of the Dungeon
 38743 | D:15     | Reached skill level 15 in Conjurations
 38797 | D:14     | HP: 27/118 [two-headed ogre/+0 giant club (16)]
 38801 | D:14     | HP: 9/118 [two-headed ogre/+0 giant club (20)]
 38802 | D:14     | HP: 2/118 [two-headed ogre/+0 giant club (7)]
 39663 | D:15     | Reached skill level 16 in Fire Magic
 40113 | D:15     | Found an opulent altar of Gozag.
 40373 | D:15     | Reached skill level 16 in Conjurations
 40499 | D:15     | Found a staircase to the Depths.
 40791 | Swamp:1  | Reached skill level 6 in Dodging
 41122 | Swamp:1  | You pick up a book of the Warp and begin reading...
 41122 | Swamp:1  | You add the spells Dispersal and Disjunction to your
                  | library.
 41338 | Swamp:1  | Reached skill level 7 in Dodging
 41354 | Swamp:2  | Identified Roxanne's Lessons on Transmigration
 41354 | Swamp:2  | Noticed Roxanne
 41701 | Swamp:2  | Killed Roxanne
 41702 | Swamp:2  | Reached XP level 16. HP: 52/125 MP: 18/32
 41932 | Swamp:2  | Reached skill level 8 in Dodging
 42455 | Swamp:2  | Noticed Jorgrun
 43119 | Swamp:2  | Killed Jorgrun
 43596 | Swamp:3  | You pick up a book of the Wilderness and begin reading...
 43596 | Swamp:3  | You add the spells Summon Forest and Summon Cactus Giant to
                  | your library.
 43623 | Swamp:3  | Reached skill level 9 in Dodging
 43636 | Swamp:2  | HP: 27/125 [alligator (9)]
 43638 | Swamp:2  | HP: 12/125 [alligator (3)]
 43985 | Swamp:3  | magus.rc [v1.9.6]
 44908 | Swamp:4  | Entered Level 4 of the Swamp
 44963 | Swamp:4  | Reached skill level 17 in Fire Magic
 45030 | Swamp:4  | HP: 27/125 [polar bear[a spriggan berserker] (5)]
 45032 | Swamp:4  | HP: 11/125 [polar bear[a spriggan berserker] (16)]
 45342 | Swamp:4  | Reached skill level 10 in Dodging
 45350 | Swamp:4  | HP: 17/125 [goliath frog[a spriggan druid] (17)]
 45351 | Swamp:4  | HP: 5/125 [goliath frog[a spriggan druid] (6)]
 45351 | Swamp:4  | Splashed by a goliath frog's acid

Vanquished Creatures
  Saint Roka (Orc:2)
  Jorgrun (Swamp:2)
  Roxanne (Swamp:2)
  A stone giant (D:15)
  2 eleionomae
  3 bunyips
  15 hydras
  5 centaur warriors
  6 two-headed ogres
  2 spriggan air magi
  3 catoblepae
  An ogre mage (D:15)
  2 ghost crabs (Swamp:3)
  A death knight (D:15)
  7 alligators
  6 boulder beetles
  2 death yaks (Lair:5)
  3 tengu warriors
  An orc high priest (Orc:2)
  A spriggan berserker (Swamp:3)
  A sun demon (D:15)
  A skyshark (Lair:5)
  5 goliath frogs
  3 swamp dragons (Swamp:2)
  2 spriggan druids
  2 bog bodies
  Pikel (D:8)
  A phantasmal warrior (D:12)
  A wizard (D:13)
  2 orc knights
  An ugly thing (D:12)
  An orc sorcerer (Orc:2)
  A will-o-the-wisp (Swamp:4)
  2 manticores
  2 cyclopes
  11 elephants
  5 black mambas
  12 cane toads
  2 rime drakes
  A gargoyle (D:12)
  A smoke demon (D:15)
  7 komodo dragons
  3 freezing wraiths (D:15)
  An ice devil (D:15)
  Maggie (D:8)
  Psyche (D:8)
  A red devil (D:15)
  10 trolls
  3 polar bears (Lair:5)
  2 bloated husks (Swamp:1)
  A hellwing (D:15)
  3 meliai (Lair:4)
  A queen bee (Lair:4)
  7 tyrant leeches
  12 hornets
  3 blink frogs (Lair:3)
  3 dream sheep (Lair:4)
  5 slime creatures (D:15)
  18 spriggans
  2 shadows
  A spriggan (shapeshifter) (D:14)
  2 culicivoras (Lair:2)
  2 vampires
  A ynoxinul (D:15)
  2 wyverns
  4 wraiths
  25 yaks
  2 basilisks
  Grum (D:8)
  6 vampire mosquitoes
  Edmund (D:5)
  A chaos spawn (D:15)
  A steam dragon (Lair:2)
  16 swamp worms
  3 wargs
  16 water moccasins
  3 acid dragons
  A sky beast (D:5)
  5 swamp drakes
  31 orc warriors
  3 ice beasts
  4 black bears
  8 ogres
  22 wolves
  3 boggarts (Lair:5)
  3 lemures (D:8)
  13 centaurs
  3 phantoms
  4 kobold brigands
  A gnoll sergeant (D:6)
  3 scorpions
  12 bullfrogs
  3 wights (D:10)
  25 killer bees
  2 jellies (D:7)
  15 orc priests
  A gnoll bouda (D:5)
  2 hounds
  5 iguanas
  Jessica (D:2)
  25 orc wizards
  4 hell rats
  5 ogre zombies (D:11)
  8 gnolls
  9 adders
  A river rat (Lair:4)
  2 shadow imps
  A white imp (D:6)
  4 ufetubi
  4 worms
  3 dart slugs
  113 orcs
  10 endoplasms
  2 giant cockroaches (D:5)
  8 hobgoblins
  2 jackals (D:2)
  6 quokkas
  A ball python (D:3)
  7 bats
  7 frilled lizards
  8 goblins
  2 goblin zombies (D:11)
  2 hobgoblin zombies (D:11)
  19 kobolds
  5 orc skeletons (D:11)
  9 orc zombies (D:11)
  5 rats
  3 fulminant prisms
738 creatures vanquished.

Vanquished Creatures (collateral kills)
  An eleionoma (Swamp:2)
  A bunyip (Swamp:4)
  A spriggan air mage (Swamp:3)
  A hydra (Lair:2)
  2 boulder beetles
  A centaur warrior (D:12)
  A two-headed ogre (D:14)
  A death yak (Lair:4)
  A sixfirhy (D:15)
  A skyshark (Lair:5)
  Nergalle (Lair:1)
  A swamp dragon (Swamp:4)
  2 orc knights
  An orc sorcerer (Orc:1)
  2 deep elf pyromancers (D:12)
  An ugly thing (D:12)
  A will-o-the-wisp (Swamp:2)
  7 cyclopes
  4 elephants
  A manticore (D:12)
  A rust devil (D:14)
  2 black mambas
  A gargoyle (D:13)
  5 cane toads
  A kobold demonologist (D:11)
  A rime drake (Lair:4)
  A tengu conjurer (D:14)
  An efreet (D:12)
  3 komodo dragons
  2 tyrant leeches
  4 hornets
  A troll (D:12)
  A blink frog (Lair:5)
  2 dream sheep
  2 culicivoras (Lair:2)
  2 shadows
  6 spriggans
  3 slime creatures
  A wraith (D:12)
  6 wyverns
  7 yaks
  2 basilisks
  A steam dragon (Lair:2)
  A warg (Orc:2)
  2 swamp worms
  4 water moccasins
  8 orc warriors
  3 black bears
  An ogre (Orc:2)
  A boggart (Lair:5)
  4 centaurs
  11 wolves
  8 bullfrogs
  2 kobold brigands
  11 killer bees
  2 jellies
  A gnoll bouda (D:7)
  6 orc priests
  A hound (D:5)
  7 orc wizards
  A hell rat (Lair:1)
  An ogre zombie (D:11)
  3 gnolls
  An adder (D:6)
  2 worms
  30 orcs
  A quokka (D:5)
  7 kobolds
  An orc zombie (D:11)
  A bush (Bazaar)
209 creatures vanquished.

Vanquished Creatures (others)
  A bunyip (Swamp:1)
  A bloated husk (Swamp:1)
  An orc wizard (Orc:1)
  44 hexers
  6 ancestors
  An orc (Orc:1)
  2 demonic plants (D:15)
  17 foxfires
  90 fulminant prisms
  93 fungi
  110 plants
366 creatures vanquished.

Grand Total: 1313 creatures vanquished

Table legend:
 A = Non-vault XP
 B = Vault XP
 C = Vault XP percentage of total XP
 D = Non-vault monster count
 E = Vault monster count
 F = Vault count percentage of total count
                 A         B        C        D         E       F
            +---------+---------+-------+---------+---------+-------
      Total |  120767 |   71474 |  37.2 |     591 |     351 |  37.3
            +---------+---------+-------+---------+---------+-------
        D:1 |      27 |       0 |   0.0 |      17 |       0 |   0.0
        D:2 |      60 |      39 |  39.4 |      14 |       2 |  12.5
        D:3 |     196 |      22 |  10.1 |      21 |       5 |  19.2
        D:4 |     255 |      90 |  26.1 |      19 |       4 |  17.4
        D:5 |     744 |     200 |  21.2 |      25 |       8 |  24.2
        D:6 |     814 |       0 |   0.0 |      21 |       0 |   0.0
        D:7 |    1094 |       0 |   0.0 |      32 |       0 |   0.0
        D:8 |    1507 |    2546 |  62.8 |      30 |      33 |  52.4
        D:9 |    1907 |     389 |  16.9 |      20 |       1 |   4.8
       D:10 |    1081 |       0 |   0.0 |      17 |       0 |   0.0
       D:11 |    2457 |     750 |  23.4 |      14 |      29 |  67.4
       D:12 |    5340 |   19023 |  78.1 |      34 |      41 |  54.7
       D:13 |    4138 |    1773 |  30.0 |      11 |       3 |  21.4
       D:14 |    5366 |     478 |   8.2 |      10 |       1 |   9.1
       D:15 |   11370 |    5993 |  34.5 |      26 |      11 |  29.7
     Temple |       3 |       0 |   0.0 |       1 |       0 |   0.0
     Lair:1 |    2954 |    2728 |  48.0 |      19 |       9 |  32.1
     Lair:2 |    5212 |    3095 |  37.3 |      22 |      13 |  37.1
     Lair:3 |    3592 |     108 |   2.9 |      21 |       2 |   8.7
     Lair:4 |    9435 |    8523 |  47.5 |      21 |      58 |  73.4
     Lair:5 |   15597 |    9176 |  37.0 |      43 |      48 |  52.7
    Swamp:1 |    7696 |       0 |   0.0 |      18 |       0 |   0.0
    Swamp:2 |    8145 |    8800 |  51.9 |      17 |       9 |  34.6
    Swamp:3 |   18294 |       0 |   0.0 |      38 |       0 |   0.0
    Swamp:4 |    7605 |     864 |  10.2 |      13 |       1 |   7.1
      Orc:1 |    2464 |     339 |  12.1 |      21 |       6 |  22.2
      Orc:2 |    3414 |    6538 |  65.7 |      46 |      67 |  59.3
            +---------+---------+-------+---------+---------+-------

Illustrated notes

Table legend:
 A = Kills in this place as a percentage of kills in the entire game.
 B = Kills by you in this place as a percentage of kills by you in the entire game.
 C = Kills by friends in this place as a percentage of kills by friends in the entire game.
 D = Other kills in this place as a percentage of other kills in the entire game.
 E = Experience gained in this place as a percentage of experience gained in the entire game.
 F = Experience gained in this place divided by the number of levels of this place that you have seen.
                   A       B       C       D       E      F
               +-------+-------+-------+-------+-------+----------------------
         Total | 100.0 | 100.0 | 100.0 | 100.0 | 100.0 | 6865.8
       Dungeon |  47.7 |  48.8 |  43.3 |  60.0 |  35.2 | 4510.6
        Temple |   0.1 |   0.1 |   0.0 |   0.0 |   0.0 |   3.0
          Lair |  27.2 |  25.6 |  33.7 |  10.0 |  31.4 | 12084.0
         Swamp |  10.2 |  10.8 |   7.7 |  20.0 |  26.7 | 12851.0
  Orcish Mines |  14.9 |  14.8 |  15.4 |  10.0 |   6.6 | 6377.5
               +-------+-------+-------+-------+-------+----------------------

Table legend: (Time is in decaauts)
 A = Elapsed time spent in this place.
 B = Non-inter-level travel time spent in this place.
 C = Inter-level travel time spent in this place.
 D = Time resting spent in this place.
 E = Time spent auto-exploring this place.
 F = Levels seen in this place.
 G = Mean time per level.
                   A        B        C        D        E       F      G
               +--------+--------+--------+--------+--------+-----+--------+
         Total |  45624 |  42708 |   2916 |   7934 |  28544 |  28 | 1629.4 |
       Dungeon |  23605 |  21641 |   1964 |   3068 |  15282 |  15 | 1573.7 |
        Temple |    309 |    246 |     63 |      0 |    189 |   1 |  309.0 |
          Lair |  13225 |  12623 |    602 |   2391 |   8666 |   5 | 2645.0 |
         Swamp |   4628 |   4484 |    144 |   1059 |   2702 |   4 | 1157.0 |
  Orcish Mines |   3682 |   3541 |    141 |   1326 |   1704 |   2 | 1841.0 |
        Bazaar |    173 |    173 |      0 |     90 |      0 |   1 |  173.0 |
               +--------+--------+--------+--------+--------+-----+--------+

Top non-repeatable levels by time:
    D:12: 4301 daAuts
  Lair:4: 3806 daAuts
  Lair:5: 2801 daAuts
  Lair:1: 2497 daAuts
  Lair:2: 2478 daAuts
 Swamp:2: 2320 daAuts
     D:8: 2083 daAuts
   Orc:1: 1841 daAuts
   Orc:2: 1841 daAuts
    D:11: 1839 daAuts
     D:3: 1767 daAuts
  Lair:3: 1640 daAuts
     D:9: 1548 daAuts
     D:4: 1524 daAuts
     D:5: 1505 daAuts
